 Dungeon Crawl Stone Soup version 0.32-a0-350-g4f4d228785 (webtiles) character file.

Game seed: 1829475288225442494

77514 cforsyth the Warrior (level 16, -1/135 HPs)
             Began as a Djinni Fire Elementalist on Feb 18, 2024.
             Engulfed by a cloud of flame (6 damage)
             ... on level 2 of the Orcish Mines.
             The game lasted 01:12:32 (34329 turns).

cforsyth the Warrior (Djinni Fire Elementalist)    Turns: 34329, Time: 01:12:33

Health: -1/135     AC: 14    Str:  5    XL:     16   Next: 5%
Gold:   1539       EV:  8    Int: 32    God:
                   SH:  5    Dex: 15

rFire   + + .        a - +6 falchion "Tenlaikk" {spect, rC+ rCorr Str-2 Int+2}
rCold   + + +        W - +1 buckler {rC+}
rNeg    . . .        n - +2 ring mail {rC+}
rPois   ∞            s - +0 helmet
rElec   .            b - +0 cloak {Will+}
rCorr   +            M - +0 pair of gloves {Stlth+}
SInv    .            (boots unavailable)
Will    ++...        (no amulet)
Stlth   ++           T - +4 ring of protection
HPRegen 0.42/turn    H - ring of the Skies Above {rPois rC+ Int+6}
MPRegen 0.00/turn

%: infuse magic (-2 HP)
@: flying
A: sickness immunity, fire resistance 2, cold vulnerability 1, float, innate
caster, HP casting, extra vitality 1
a: no special abilities


You were on level 2 of the Orcish Mines.
You visited 3 branches of the dungeon, and saw 19 of its levels.
You also visited: Sewer, Bailey, Ice Cave and Volcano.

You collected 1599 gold pieces.
You spent 60 gold pieces at shops.


Innate Abilities, Weirdness & Mutations

You are immune to sickness and miasma.
You are immune to poison.
Your flesh is very heat resistant. (rF++)
You are vulnerable to cold. (rC-)
You float through the air rather than walking.
You learn spells naturally, not from books.
Your magical power is your life essence.
You have superior vitality. (+4 MHP)


   Skills:
 + Level 19.3 Fighting
 - Level 2.1 Dodging
 - Level 1.5 Stealth
 + Level 15.2 Spellcasting
 + Level 15.2 Conjurations
 + Level 15.2 Hexes
 + Level 15.2 Summonings
 + Level 15.2 Necromancy
 + Level 15.2 Translocations
 + Level 15.2 Fire Magic
 + Level 15.2 Ice Magic
 + Level 15.2 Air Magic
 + Level 15.2 Earth Magic
 + Level 15.2 Alchemy


You knew the following spells:

 Your Spells              Type           Power      Damage    Failure   Level
a - Necrotise             Necr           100%       1d9       1%          1
b - Arcjolt               Conj/Air       44%        1d54      1%          5
c - Call Imp              Summ           100%       N/A       1%          2
d - Dazzling Flash        Conj/Hex       100%       N/A       1%          3
f - Foxfire               Conj/Fire      100%       2x1d9     1%          1
p - Fulminant Prism       Conj/Alch      44%        3d19      1%          4
r - Inner Flame           Hex/Fire       88%        N/A       1%          3
s - Sculpt Simulacrum     Ice/Alch       44%        N/A       4%          6
u - Passage of Golubria   Tloc           88%        N/A       1%          4
X - Scorch                Fire           100%       2d9       1%          2
Y - Volatile Blastmotes   Fire/Tloc      100%       2d18      1%          3
Z - Flame Wave            Conj/Fire      88%        2d19      1%          4
Your spell library was empty.

Inventory:

Hand Weapons
 a - the +6 falchion "Tenlaikk" (weapon) {spect, rC+ rCorr Str-2 Int+2}
   (You found it in an ice cave)

   Str-2:     It affects your strength (-2).
   Int+2:     It affects your intelligence (+2).
   rC+:       It protects you from cold.
   rCorr:     It protects you from acid and corrosion.
 Y - the +4 triple sword "Zeqea" {flame, rC+}
   (You found it in a bailey)

   rC+:       It protects you from cold.
Armour
 b - a +0 cloak of willpower (worn)
 f - the +8 chain mail "Ipne" {Dex+3 SInv}
   (You found it on level 9 of the Dungeon)

   Dex+3:     It affects your dexterity (+3).
   SInv:      It lets you see invisible.
 n - a +2 ring mail of cold resistance (worn)
 s - a +0 helmet (worn)
 L - the +3 hat of Pondering {ponderous, Will+ MP+10 Int+5}
   (You took it off Gastronok on level 1 of the Lair of Beasts)

   Int+5:     It affects your intelligence (+5).
   Will+:     It increases your willpower.
   MP+10:     It affects your magic capacity (+10).
 M - a +0 pair of gloves of stealth (worn)
 R - the +1 robe of Vines {NoPotionHeal Regen++++}
   (You took it off a centaur warrior on level 9 of the Dungeon)

   NoPotionHeal: Its wearer cannot be healed by potions.
   Regen++++: It increases your rate of health regeneration.
 W - a +1 buckler of cold resistance (worn)
Magical Staves
 B - a staff of cold {!a}
Jewellery
 c - a ring of protection from cold
 d - an amulet of faith {!P}
 t - a +4 ring of protection
 C - a ring of ice
 D - a +6 ring of dexterity
 H - the ring of the Skies Above (right hand) {rPois rC+ Int+6}
   (You found it on level 12 of the Dungeon)

   [ring of intelligence]

   Int+6:     It affects your intelligence (+6).
   rC+:       It protects you from cold.
   rPois:     It protects you from poison
 N - a ring of positive energy
 T - a +4 ring of protection (left hand)
 Z - a ring of wizardry
Wands
 l - a wand of flame (61)
 o - a wand of paralysis (40)
 G - a wand of iceblast (15)
 J - a wand of digging (7)
 P - a wand of mindburst (12)
Scrolls
 g - a scroll of amnesia {unknown}
 h - 3 scrolls of enchant weapon
 j - 2 scrolls of silence {unknown}
 k - 13 scrolls of teleportation {@r2}
 q - 3 scrolls of vulnerability {unknown}
 u - 3 scrolls of summoning {unknown}
 v - 2 scrolls of poison {unknown}
 w - a scroll of noise {unknown}
 y - 2 scrolls of revelation
 z - 3 scrolls of immolation {unknown}
 E - a scroll of fog
 F - 3 scrolls of blinking {unknown}
 V - a scroll of enchant armour
 X - a scroll of acquirement {unknown}
Potions
 e - 2 potions of curing {@q1}
 i - 3 potions of heal wounds {@q2}
 m - 5 potions of haste {@q3}
 p - 3 potions of brilliance
 r - 3 potions of cancellation {unknown}
 x - 7 potions of might {unknown}
 A - 7 potions of mutation
 I - a potion of attraction {unknown}
 K - 2 potions of enlightenment {unknown}
 O - 3 potions of invisibility {unknown}
 Q - 3 potions of lignification {unknown}
 S - a potion of resistance {unknown}
 U - a potion of ambrosia {unknown}

Dungeon Overview and Level Annotations

Branches:
Dungeon (12/15)            Temple (0/1) D:5            Lair (5/5) D:10
  Swamp (0/4) Lair:2       Spider (0/4) Lair:3        Slime (0/5) Lair:4
    Orc (2/2) D:9           Sewer (visited)          Bailey (visited)
  IceCv (visited)         Volcano (visited)
    Elf: Orc:2

Altars:
Elyvilon
Qazlal
Zin
Jiyva
Lugonu

Shops:
D:1 =   D:12 !

Portals:
Abyss: Lair:5

Annotations:
Lair:2 exclusion: orange crystal statue

#.##..........
##.#....#......
.....#..........
....)...........
................
. ....[.........
#..#.#).........
#....).[@§§.....
..#..(.§)§.....
......(.§.§..)..
.........)......
.<..$....)......
................
P...............
................
...............


There were no monsters in sight!


Message History

The ettin is moderately wounded.
The ettin is engulfed in blazing flames.
Flame seeps out of the ettin.
The ettin hits you with a +0 dire flail!!
* * * LOW HITPOINT WARNING * * *
The ettin hits you but does no damage.
Unknown command.
Casting: Arcjolt (mildly dangerous; 1% risk of failure)
Confirm with . or Enter, or press ? or * to list all spells.
Electricity surges outward!
The ettin is struck by an electric surge!!
Flame seeps out of the ettin.
The ettin is severely wounded.
* * * LOW HITPOINT WARNING * * *
The ettin is engulfed in blazing flames.
Flame seeps out of the ettin.
The ettin hits you with a +0 dire flail!!
* * * LOW HITPOINT WARNING * * *
The ettin hits you with a +0 dire flail.
* * * LOW HITPOINT WARNING * * *
Casting: Arcjolt (mildly dangerous; 1% risk of failure)
Confirm with . or Enter, or press ? or * to list all spells.
Electricity surges outward!
The ettin is struck by an electric surge!!!
* * * LOW HITPOINT WARNING * * *
The ettin explodes!
The fiery explosion engulfs you! You resist.
* * * LOW HITPOINT WARNING * * *
You are engulfed in blazing flames.
You resist.
You die...

Skill      XL: |  1  2  3  4  5  6  7  8  9 10 11 12 13 14 15 |
---------------+----------------------------------------------+-----
Fighting       | 1 2 4 5 7 9 11 13 14 16 17 19 | 19.3
Spellcasting   | 4 5 6 7 9 10 11 12 14 15 | 15.2
Conjurations   | 4 5 6 7 9 10 11 12 14 15 | 15.2
Hexes          | 4 5 6 7 9 10 11 12 14 15 | 15.2
Summonings     | 4 5 6 7 9 10 11 12 14 15 | 15.2
Necromancy     | 4 5 6 7 9 10 11 12 14 15 | 15.2
Translocations | 4 5 6 7 9 10 11 12 14 15 | 15.2
Fire Magic     | 4 5 6 7 9 10 11 12 14 15 | 15.2
Ice Magic      | 4 5 6 7 9 10 11 12 14 15 | 15.2
Air Magic      | 4 5 6 7 9 10 11 12 14 15 | 15.2
Earth Magic    | 4 5 6 7 9 10 11 12 14 15 | 15.2
Alchemy        | 4 5 6 7 9 10 11 12 14 15 | 15.2
Dodging        | |  2.1
Stealth        | |  1.5

Action                     |  1- 3 |  4- 6 |  7- 9 | 10-12 | 13-15 | 16-18 || total
---------------------------+-------+-------+-------+-------+-------+-------++-------
  Melee: Unarmed           |     1 |     4 |    10 |       |       |       ||    15
         Punch             |       |       |     1 |       |       |       ||     1
         Triple sword      |       |       |       |       |     4 |       ||     4
         Falchion          |       |       |       |       |     3 |       ||     3
   Cast: Foxfire           |    70 |   129 |   321 |   454 |   441 |    30 ||  1445
         Scorch            |       |     9 |    28 |   132 |   139 |       ||   308
         Fulminant Prism   |       |       |     1 |     4 |    16 |       ||    21
         Inner Flame       |       |       |       |    67 |   228 |     2 ||   297
         Flame Wave        |       |       |       |     5 |     1 |       ||     6
         Arcjolt           |       |       |       |       |   181 |     7 ||   188
         Call Imp          |       |       |       |       |     4 |       ||     4
  Evoke: Wand              |       |       |       |    14 |       |       ||    14
    Use: Scroll            |       |     3 |     4 |     2 |     6 |       ||    15
         Potion            |       |       |       |     3 |       |       ||     3
 Armour: Robe              |     2 |    16 |    51 |   174 |    34 |       ||   277
         Ring mail         |       |       |       |       |   413 |    12 ||   425
  Dodge: Dodged            |       |    25 |    32 |    85 |    97 |     5 ||   244
  Block: Buckler           |       |       |       |       |    35 |     4 ||    39

Levels and vault maps discovered:
D:1:      nicolae_arrival_memento_mori, layout_loops_cross, serial_shops,
          nicolae_shop_tiny_glass
D:2:      layout_loops_corners, shapermc_ecumenical_altar_starsandcircs
D:3:      layout_loops_ring, kennysheep_cluttered_room
D:4:      layout_rooms, grunt_qazlal_sundering, gup_sewer_entry_glass,
          nrook_uturn, nicolae_kite_square_tiling_tiny, uniq_crazy_yiuf_cottage
D:5:      layout_gridville, lemuel_mausoleum_altar_kikubaaqudgha,
          lemuel_crystal_altar, minmay_temple_entry_ruins,
          serial_library_hellmonk_filled_rooms, dreamdust_princess_bridge,
          uniq_menkaure, uniq_ijyb
D:6:      layout_basic, gammafunk_ghost_grave, uniq_grinder
D:7:      layout_basic, chequers_serial_rivers_marsh
D:8:      layout_basic, mainiacjoe_overflow_cross_hatched,
          mainiacjoe_overflow_surrounded_room, enter_bailey_2, minmay_between
D:9:      minmay_the_grid_square_5x5_4x4 [minmay_the_grid_square_5x5_spiral,
          minmay_the_grid_square_5x5_seven,
          minmay_the_grid_square_5x5_checkered, minmay_the_grid_square_5x5_mess,
          minmay_the_grid_square_5x5_sharp_hourglass,
          minmay_the_grid_square_5x5_prize_snowflake,
          minmay_the_grid_square_5x5_prize_open,
          minmay_the_grid_square_5x5_n_small,
          minmay_the_grid_square_5x5_minimal,
          minmay_the_grid_square_5x5_prize_open,
          minmay_the_grid_square_5x5_prize_waves,
          minmay_the_grid_square_5x5_beaten_path,
          minmay_the_grid_square_5x5_shuriken,
          minmay_the_grid_square_5x5_spiral_small,
          minmay_the_grid_square_5x5_gyroscope,
          minmay_the_grid_square_5x5_two_walls_b], layout_loops_cross,
          kennysheep_generic_room_4
D:10:     layout_roguey, erik_lair_island, serial_bayou_lagoon_b
D:11:     layout_roguey, serial_park_tiny_2
D:12:     layout_basic, serial_shops, shop, hangedman_abyss_or_decor_clamps,
          uniq_maurice, uniq_josephine
Lair:1:   layout_regular_city, enter_volcano_1, infiniplex_staircase_pool_2,
          grunt_megastairs_1, uniq_gastronok
Lair:2:   statuecave_lemuel, layout_loops_ring,
          alex1729_swamp_entry_worm_eleionoma, nicolae_lair_grove_arrangements,
          serial_bayou_shore_b, uniq_fannar
Lair:3:   layout_cave_shapes, spider_nest_entry_a, minivault_23,
          grunt_megastairs_4
Lair:4:   layout_loops_ring, minmay_slime_entry_oklob_enclosed,
          portal_ice_cave_demonic_guard
Lair:5:   hellmonk_lair_end_abyssal_woods, layout_gridlike,
          grunt_forest_large_clearings, serial_bayou_shore_b
Orc:1:    cheibrodos_orc_arena, layout_diamond_mine, nicolae_shop_firing_range
Orc:2:    grunt_orc_gardens, layout_caves, grunt_orc_garden, grunt_orc_garden,
          grunt_orc_garden, grunt_orc_garden, uniq_sonja

Notes
Turn   | Place    | Note
-------+----------+-------------------------------------------
     0 | D:1      | cforsyth the Djinni Fire Elementalist began the quest for
                  | the Orb.
     0 | D:1      | cforsyth set off with the following spells memorised:
                  | Foxfire, Scorch, Volatile Blastmotes, Inner Flame, Flame
                  | Wave.
     0 | D:1      | Reached XP level 1. HP: 15/15 MP: 0/0
    55 | D:1      | Reached XP level 2. HP: 17/22 MP: 0/0
    94 | D:1      | Reached skill level 1 in Fighting
   416 | D:1      | Found Maolosif's Jewellery Emporium.
   557 | D:1      | Reached XP level 3. HP: 24/27 MP: 0/0
   557 | D:1      | Learned a level 1 spell: Necrotise
   900 | D:2      | Reached skill level 2 in Fighting
   914 | D:2      | Found a faded altar of an unknown god.
   953 | D:2      | Reached XP level 4. HP: 30/33 MP: 0/0
  1586 | D:2      | Reached XP level 5. HP: 33/40 MP: 0/0
  1586 | D:2      | Learned a level 2 spell: Call Imp
  1907 | D:3      | Reached skill level 3 in Fighting
  2039 | D:3      | Reached skill level 4 in Spellcasting
  2039 | D:3      | Reached skill level 4 in Conjurations
  2039 | D:3      | Reached skill level 4 in Hexes
  2039 | D:3      | Reached skill level 4 in Summonings
  2039 | D:3      | Reached skill level 4 in Necromancy
  2039 | D:3      | Reached skill level 4 in Translocations
  2039 | D:3      | Reached skill level 4 in Fire Magic
  2039 | D:3      | Reached skill level 4 in Ice Magic
  2039 | D:3      | Reached skill level 4 in Air Magic
  2039 | D:3      | Reached skill level 4 in Earth Magic
  2039 | D:3      | Reached skill level 4 in Alchemy
  2667 | D:4      | Found a stormy altar of Qazlal.
  2675 | D:4      | Found a glowing drain.
  2715 | Sewer    | Entered a sewer
  2721 | Sewer    | Noticed Pargi
  2727 | Sewer    | Killed Pargi
  2728 | Sewer    | Reached skill level 4 in Fighting
  2728 | Sewer    | Reached XP level 6. HP: 29/47 MP: 0/0
  2952 | Sewer    | Reached XP level 7. HP: 50/53 MP: 0/0
  2952 | Sewer    | Learned a level 3 spell: Dazzling Flash
  3273 | D:4      | Reached skill level 5 in Fighting
  3273 | D:4      | Reached skill level 5 in Spellcasting
  3273 | D:4      | Reached skill level 5 in Conjurations
  3273 | D:4      | Reached skill level 5 in Hexes
  3273 | D:4      | Reached skill level 5 in Summonings
  3273 | D:4      | Reached skill level 5 in Necromancy
  3273 | D:4      | Reached skill level 5 in Translocations
  3273 | D:4      | Reached skill level 5 in Fire Magic
  3273 | D:4      | Reached skill level 5 in Ice Magic
  3273 | D:4      | Reached skill level 5 in Air Magic
  3273 | D:4      | Reached skill level 5 in Earth Magic
  3273 | D:4      | Reached skill level 5 in Alchemy
  3516 | D:4      | You are sucked into a shaft and drop 1 floor!
  3516 | D:5      | Entered Level 5 of the Dungeon
  3562 | D:5      | Noticed Menkaure
  3565 | D:5      | Killed Menkaure
  3566 | D:5      | Reached XP level 8. HP: 58/61 MP: 0/0
  3608 | D:5      | Reached skill level 6 in Fighting
  3642 | D:5      | Found a staircase to the Ecumenical Temple.
  3647 | D:5      | Noticed Ijyb
  3652 | D:5      | Killed Ijyb
  4052 | D:5      | Found a glowing silver altar of Zin.
  4334 | D:5      | Reached skill level 6 in Spellcasting
  4334 | D:5      | Reached skill level 6 in Conjurations
  4334 | D:5      | Reached skill level 6 in Hexes
  4334 | D:5      | Reached skill level 6 in Summonings
  4334 | D:5      | Reached skill level 6 in Necromancy
  4334 | D:5      | Reached skill level 6 in Translocations
  4334 | D:5      | Reached skill level 6 in Fire Magic
  4334 | D:5      | Reached skill level 6 in Ice Magic
  4334 | D:5      | Reached skill level 6 in Air Magic
  4334 | D:5      | Reached skill level 6 in Earth Magic
  4334 | D:5      | Reached skill level 6 in Alchemy
  4488 | D:5      | Reached skill level 7 in Fighting
  4766 | D:5      | Reached XP level 9. HP: 63/68 MP: 0/0
  4766 | D:5      | Learned a level 4 spell: Fulminant Prism
  5021 | D:6      | Found a runed translucent door.
  5023 | D:6      | Noticed LobsterGuardian's ghost (novice MDCA)
  5067 | D:6      | Reached skill level 8 in Fighting
  5305 | D:6      | Reached skill level 7 in Spellcasting
  5305 | D:6      | Reached skill level 7 in Conjurations
  5305 | D:6      | Reached skill level 7 in Hexes
  5305 | D:6      | Reached skill level 7 in Summonings
  5305 | D:6      | Reached skill level 7 in Necromancy
  5305 | D:6      | Reached skill level 7 in Translocations
  5305 | D:6      | Reached skill level 7 in Fire Magic
  5305 | D:6      | Reached skill level 7 in Ice Magic
  5305 | D:6      | Reached skill level 7 in Air Magic
  5305 | D:6      | Reached skill level 7 in Earth Magic
  5305 | D:6      | Reached skill level 7 in Alchemy
  5357 | D:6      | Noticed Grinder
  5359 | D:6      | Paralysed by Grinder for 5 turns
  5366 | D:6      | Paralysed by Grinder for 4 turns
  5371 | D:6      | Killed Grinder
  5989 | D:7      | Reached skill level 9 in Fighting
  7186 | D:4      | Found a runed translucent door.
  7189 | D:4      | Noticed Crazy Yiuf
  7313 | D:8      | Reached XP level 10. HP: 45/78 MP: 0/0
  7372 | D:8      | Reached skill level 8 in Spellcasting
  7372 | D:8      | Reached skill level 8 in Conjurations
  7372 | D:8      | Reached skill level 8 in Hexes
  7372 | D:8      | Reached skill level 8 in Summonings
  7372 | D:8      | Reached skill level 8 in Necromancy
  7372 | D:8      | Reached skill level 8 in Translocations
  7372 | D:8      | Reached skill level 8 in Fire Magic
  7372 | D:8      | Reached skill level 8 in Ice Magic
  7372 | D:8      | Reached skill level 8 in Air Magic
  7372 | D:8      | Reached skill level 8 in Earth Magic
  7372 | D:8      | Reached skill level 8 in Alchemy
  7376 | D:8      | HP: 6/79 [orc warrior/+0 hand axe (14)]
  7514 | D:8      | Reached skill level 10 in Fighting
  7604 | D:8      | Found a flagged portal.
  7613 | Bailey   | Entered a bailey
  9479 | Bailey   | HP: 6/81 [centaur/javelin (11)]
  9838 | Bailey   | Reached skill level 11 in Fighting
  9998 | Bailey   | Reached skill level 9 in Spellcasting
  9998 | Bailey   | Reached skill level 9 in Conjurations
  9998 | Bailey   | Reached skill level 9 in Hexes
  9998 | Bailey   | Reached skill level 9 in Summonings
  9998 | Bailey   | Reached skill level 9 in Necromancy
  9998 | Bailey   | Reached skill level 9 in Translocations
  9998 | Bailey   | Reached skill level 9 in Fire Magic
  9998 | Bailey   | Reached skill level 9 in Ice Magic
  9998 | Bailey   | Reached skill level 9 in Air Magic
  9998 | Bailey   | Reached skill level 9 in Earth Magic
  9998 | Bailey   | Reached skill level 9 in Alchemy
 10028 | Bailey   | Identified the +6 spear of Nediem {heavy, rPois}
 10031 | Bailey   | Identified the +4 triple sword "Zeqea" {flame, rC+}
 10216 | D:8      | Found a white marble altar of Elyvilon.
 10642 | D:8      | Reached XP level 11. HP: 50/87 MP: 0/0
 10642 | D:8      | Learned a level 4 spell: Passage of Golubria
 11057 | D:9      | Noticed a soul eater
 12320 | D:9      | Noticed a centaur warrior
 12355 | D:9      | Reached skill level 12 in Fighting
 12633 | D:9      | Noticed a four-headed hydra
 12636 | D:9      | Killed a four-headed hydra
 12726 | D:9      | Noticed a tengu warrior
 12731 | D:9      | Killed a tengu warrior
 12732 | D:9      | Reached skill level 10 in Spellcasting
 12732 | D:9      | Reached skill level 10 in Conjurations
 12732 | D:9      | Reached skill level 10 in Hexes
 12732 | D:9      | Reached skill level 10 in Summonings
 12732 | D:9      | Reached skill level 10 in Necromancy
 12732 | D:9      | Reached skill level 10 in Translocations
 12732 | D:9      | Reached skill level 10 in Fire Magic
 12732 | D:9      | Reached skill level 10 in Ice Magic
 12732 | D:9      | Reached skill level 10 in Air Magic
 12732 | D:9      | Reached skill level 10 in Earth Magic
 12732 | D:9      | Reached skill level 10 in Alchemy
 13021 | D:9      | Noticed a two-headed ogre
 13024 | D:9      | Killed a two-headed ogre
 13144 | D:9      | Noticed a centaur warrior
 13149 | D:9      | Killed a centaur warrior
 13356 | D:9      | Noticed a two-headed ogre
 13360 | D:9      | Killed a two-headed ogre
 13360 | D:9      | Noticed a boulder beetle
 13361 | D:9      | Reached skill level 13 in Fighting
 13361 | D:9      | Reached XP level 12. HP: 72/98 MP: 0/0
 13494 | D:9      | Noticed a two-headed ogre
 13498 | D:9      | Noticed a centaur warrior
 13502 | D:9      | Killed a two-headed ogre
 13845 | D:9      | Noticed a death knight
 13945 | D:9      | Killed a centaur warrior
 14369 | D:9      | Killed a centaur warrior
 14726 | D:9      | Reached skill level 11 in Spellcasting
 14726 | D:9      | Reached skill level 11 in Conjurations
 14726 | D:9      | Reached skill level 11 in Hexes
 14726 | D:9      | Reached skill level 11 in Summonings
 14726 | D:9      | Reached skill level 11 in Necromancy
 14726 | D:9      | Reached skill level 11 in Translocations
 14726 | D:9      | Reached skill level 11 in Fire Magic
 14726 | D:9      | Reached skill level 11 in Ice Magic
 14726 | D:9      | Reached skill level 11 in Air Magic
 14726 | D:9      | Reached skill level 11 in Earth Magic
 14726 | D:9      | Reached skill level 11 in Alchemy
 14730 | D:9      | Found a staircase to the Orcish Mines.
 14764 | D:9      | Killed a boulder beetle
 15049 | D:9      | Reached skill level 14 in Fighting
 15147 | D:9      | Killed a death knight
 15331 | D:9      | Identified the +8 chain mail "Ipne" {Dex+3 SInv}
 15843 | D:10     | Entered Level 10 of the Dungeon
 16029 | D:10     | Found a staircase to the Lair.
 16322 | D:10     | Noticed a two-headed ogre
 16322 | D:10     | Noticed a boulder beetle
 16342 | D:10     | Killed a two-headed ogre
 16480 | D:10     | Killed a boulder beetle
 16481 | D:10     | Reached XP level 13. HP: 106/106 MP: 0/0
 16481 | D:10     | Learned a level 5 spell: Arcjolt
 16687 | D:11     | Reached skill level 15 in Fighting
 16733 | D:11     | Reached skill level 12 in Spellcasting
 16733 | D:11     | Reached skill level 12 in Conjurations
 16733 | D:11     | Reached skill level 12 in Hexes
 16733 | D:11     | Reached skill level 12 in Summonings
 16733 | D:11     | Reached skill level 12 in Necromancy
 16733 | D:11     | Reached skill level 12 in Translocations
 16733 | D:11     | Reached skill level 12 in Fire Magic
 16733 | D:11     | Reached skill level 12 in Ice Magic
 16733 | D:11     | Reached skill level 12 in Air Magic
 16733 | D:11     | Reached skill level 12 in Earth Magic
 16733 | D:11     | Reached skill level 12 in Alchemy
 17172 | D:11     | Identified the +3 dagger "Xiunis" {freeze, Int+3}
 17368 | D:12     | Noticed Maurice
 17371 | D:12     | Killed Maurice
 17407 | D:12     | Noticed Josephine
 17411 | D:12     | Killed Josephine
 17702 | D:12     | Identified the ring of the Skies Above {rPois rC+ Int+6}
 18433 | D:12     | Found Ulefed's Distillery.
 18441 | D:12     | Bought a potion of heal wounds for 60 gold pieces
 18643 | D:12     | Reached skill level 16 in Fighting
 18944 | Lair:1   | Entered Level 1 of the Lair of Beasts
 18962 | Lair:1   | Noticed Gastronok
 18978 | Lair:1   | Killed Gastronok
 19024 | Lair:1   | Found a dark tunnel.
 19149 | Volcano  | Entered a volcano
 19272 | Volcano  | HP: 11/110 [something (8)]
 19564 | Volcano  | Reached XP level 14. HP: 25/117 MP: 0/0
 20277 | Lair:1   | Reached skill level 13 in Spellcasting
 20277 | Lair:1   | Reached skill level 13 in Conjurations
 20277 | Lair:1   | Reached skill level 13 in Hexes
 20277 | Lair:1   | Reached skill level 13 in Summonings
 20277 | Lair:1   | Reached skill level 13 in Necromancy
 20277 | Lair:1   | Reached skill level 13 in Translocations
 20277 | Lair:1   | Reached skill level 13 in Fire Magic
 20277 | Lair:1   | Reached skill level 13 in Ice Magic
 20277 | Lair:1   | Reached skill level 13 in Air Magic
 20277 | Lair:1   | Reached skill level 13 in Earth Magic
 20277 | Lair:1   | Reached skill level 13 in Alchemy
 21289 | Lair:2   | Found the +8 arc blade {discharge, rElec}
 21375 | Lair:2   | Found a staircase to the Swamp.
 21376 | Lair:2   | Noticed an eleionoma
 21392 | Lair:2   | Killed an eleionoma
 21868 | Lair:2   | Reached skill level 17 in Fighting
 21887 | Lair:2   | Noticed Fannar
 21894 | Lair:2   | Killed Fannar
 24612 | Lair:3   | Found a hole to the Spider Nest.
 24866 | Lair:4   | Found a frozen archway.
 25141 | IceCv    | Entered an ice cave
 25859 | IceCv    | Reached skill level 14 in Spellcasting
 25859 | IceCv    | Reached skill level 14 in Conjurations
 25859 | IceCv    | Reached skill level 14 in Hexes
 25859 | IceCv    | Reached skill level 14 in Summonings
 25859 | IceCv    | Reached skill level 14 in Necromancy
 25859 | IceCv    | Reached skill level 14 in Translocations
 25859 | IceCv    | Reached skill level 14 in Fire Magic
 25859 | IceCv    | Reached skill level 14 in Ice Magic
 25859 | IceCv    | Reached skill level 14 in Air Magic
 25859 | IceCv    | Reached skill level 14 in Earth Magic
 25859 | IceCv    | Reached skill level 14 in Alchemy
 26607 | IceCv    | Noticed a reaper
 26778 | IceCv    | Killed a reaper
 26779 | IceCv    | Reached XP level 15. HP: 97/126 MP: 0/0
 26779 | IceCv    | Learned a level 6 spell: Sculpt Simulacrum
 26916 | IceCv    | Reached skill level 18 in Fighting
 27236 | IceCv    | Identified the +6 falchion "Tenlaikk" {spect, rC+ rCorr
                  | Str-2 Int+2}
 27849 | Lair:4   | Found a viscous altar of Jiyva.
 27939 | Lair:4   | Found a staircase to the Slime Pits.
 28574 | Lair:5   | Entered Level 5 of the Lair of Beasts
 29561 | Lair:4   | HP: 9/127 [wolf (5)]
 31786 | Lair:5   | Reached skill level 19 in Fighting
 32335 | Lair:5   | Found the Hermit's Pendant {Faith Invo=14 Evo=0 MP+5}
 32379 | Lair:5   | Found a one-way gate to the infinite horrors of the Abyss.
 32389 | Lair:5   | Reached skill level 15 in Spellcasting
 32389 | Lair:5   | Reached skill level 15 in Conjurations
 32389 | Lair:5   | Reached skill level 15 in Hexes
 32389 | Lair:5   | Reached skill level 15 in Summonings
 32389 | Lair:5   | Reached skill level 15 in Necromancy
 32389 | Lair:5   | Reached skill level 15 in Translocations
 32389 | Lair:5   | Reached skill level 15 in Fire Magic
 32389 | Lair:5   | Reached skill level 15 in Ice Magic
 32389 | Lair:5   | Reached skill level 15 in Air Magic
 32389 | Lair:5   | Reached skill level 15 in Earth Magic
 32389 | Lair:5   | Reached skill level 15 in Alchemy
 33057 | Lair:5   | Found a corrupted altar of Lugonu.
 33554 | D:4      | Killed Crazy Yiuf
 33671 | D:6      | Killed LobsterGuardian's ghost
 33841 | Orc:1    | Entered Level 1 of the Orcish Mines
 34145 | Orc:2    | Entered Level 2 of the Orcish Mines
 34149 | Orc:2    | Reached XP level 16. HP: 129/135 MP: 0/0
 34329 | Orc:2    | HP: 5/135 [spore (15)]
 34329 | Orc:2    | Engulfed by a cloud of flame

Vanquished Creatures
  Gastronok (Lair:1)
  A reaper (IceCv)
  An eleionoma (Lair:2)
  Josephine (D:12)
  An ettin (Orc:2)
  Fannar (Lair:2)
  4 hydras
  3 centaur warriors (D:9)
  6 two-headed ogres
  A death knight (D:9)
  A tengu warrior (D:9)
  3 boulder beetles
  A hell hog (Volcano)
  3 thrashing horrors (Lair:5)
  4 skysharks
  The ghost of LobsterGuardian the Arsonist, a novice MDCA of Ignis (D:6)
  A fire crab (Volcano)
  A lindwurm (Lair:5)
  An orc knight (Orc:1)
  A deep elf pyromancer (D:12)
  5 large abominations (Lair:5)
  2 oklob plants (Lair:4)
  7 cyclopes
  A manticore (D:11)
  Maurice (D:12)
  9 elephants
  A salamander (Volcano)
  A meliai (D:9)
  2 kobold blastminers (Orc:2)
  6 black mambas
  2 ice statues (IceCv)
  A torpor snail (Lair:5)
  4 gargoyles
  A cane toad (shapeshifter) (Lair:5)
  6 cane toads
  A rime drake (Lair:5)
  A kobold demonologist (D:9)
  A freezing wraith (IceCv)
  An unseen horror (D:12)
  5 komodo dragons
  9 ice devils
  7 trolls
  3 polar bears
  A raiju (Lair:5)
  2 hornets (D:9)
  Grinder (D:6)
  26 blink frogs
  2 slime creatures (D:12)
  A shadow (D:12)
  2 jumping spiders (Lair:3)
  2 spriggans (Lair:5)
  8 wraiths
  A dire elephant simulacrum (IceCv)
  11 wyverns
  61 yaks
  2 ynoxinuls (Lair:5)
  9 basilisks
  4 steam dragons
  2 redbacks (Lair:3)
  A harpy simulacrum (IceCv)
  4 vampire mosquitoes (D:11)
  Menkaure (D:5)
  2 chaos spawn (Lair:5)
  A hell hound (Volcano)
  13 water moccasins
  3 acid dragons
  3 sky beasts
  17 orc warriors
  3 ice beasts
  Pargi (Sewer)
  3 ogres
  4 wolves
  17 centaurs
  A centaur (shapeshifter) (Lair:5)
  2 brain worms (Sewer)
  4 kobold brigands
  17 bullfrogs
  3 scorpions
  3 water moccasin zombies (D:5)
  2 gnoll sergeants
  9 small abominations (Lair:5)
  A cane toad simulacrum (IceCv)
  A wight (D:9)
  A water moccasin skeleton (D:5)
  2 elephant simulacra (IceCv)
  A killer bee (D:9)
  2 howler monkeys
  9 electric eels
  2 bullfrog zombies (D:5)
  A human zombie (D:5)
  13 orc priests
  A centaur zombie (D:5)
  7 hounds
  A jelly (D:8)
  Crazy Yiuf (D:4)
  A gnoll bouda (D:9)
  2 sleepcaps
  Ijyb (D:5)
  2 iguanas
  10 orc wizards
  7 hell rats (Lair:3)
  3 spriggan simulacra (IceCv)
  2 polar bear simulacra (IceCv)
  A wolf simulacrum (IceCv)
  A hound skeleton (D:5)
  A howler monkey zombie (D:5)
  11 adders
  8 gnolls (D:8)
  2 naga simulacra (IceCv)
  2 shadow imps
  3 white imps
  3 ufetubi (IceCv)
  An adder zombie (D:5)
  4 dart slugs
  63 orcs
  6 endoplasms
  3 giant cockroaches
  9 goblins
  9 hobgoblins
  2 quokkas
  2 ball pythons
  5 bats
  3 frilled lizards
  36 kobolds
  2 rats
  20 foxfires
631 creatures vanquished.

Vanquished Creatures (collateral kills)
  26 foxfires
26 creatures vanquished.

Vanquished Creatures (others)
  A two-headed ogre (Volcano)
  A centaur (Volcano)
  2510 foxfires
  21 fulminant prisms
2533 creatures vanquished.

Grand Total: 3190 creatures vanquished

Table legend: (Time is in decaauts)
 A = Elapsed time spent in this place.
 B = Non-inter-level travel time spent in this place.
 C = Inter-level travel time spent in this place.
 D = Time resting spent in this place.
 E = Time spent auto-exploring this place.
 F = Levels seen in this place.
 G = Mean time per level.
                   A        B        C        D        E       F      G
               +--------+--------+--------+--------+--------+-----+--------+
         Total |  34394 |  33212 |   1182 |  11258 |  16518 |  23 | 1495.4 |
       Dungeon |  16519 |  15678 |    841 |   3804 |   9222 |  12 | 1376.6 |
          Lair |  11285 |  10945 |    340 |   4479 |   5121 |   5 | 2257.0 |
  Orcish Mines |    488 |    488 |      0 |    275 |     82 |   2 |  244.0 |
         Sewer |    363 |    363 |      0 |    100 |    207 |   1 |  363.0 |
        Bailey |   2572 |   2572 |      0 |    499 |   1366 |   1 | 2572.0 |
      Ice Cave |   2218 |   2218 |      0 |   1648 |    218 |   1 | 2218.0 |
       Volcano |    946 |    946 |      0 |    453 |    302 |   1 |  946.0 |
               +--------+--------+--------+--------+--------+-----+--------+

Top non-repeatable levels by time:
     D:8: 4239 daAuts
  Lair:4: 3525 daAuts
  Lair:2: 2760 daAuts
  Lair:5: 2722 daAuts
  Bailey: 2572 daAuts
   IceCv: 2218 daAuts
     D:9: 1870 daAuts
    D:12: 1614 daAuts
     D:5: 1495 daAuts
  Lair:1: 1289 daAuts
     D:6: 1198 daAuts
     D:2: 1091 daAuts
     D:7: 1042 daAuts
  Lair:3: 987 daAuts
 Volcano: 946 daAuts

Table legend:
 A = Non-vault XP
 B = Vault XP
 C = Vault XP percentage of total XP
 D = Non-vault monster count
 E = Vault monster count
 F = Vault count percentage of total count
                 A         B        C        D         E       F
            +---------+---------+-------+---------+---------+-------
      Total |   56822 |   54807 |  49.1 |     369 |     244 |  39.8
            +---------+---------+-------+---------+---------+-------
        D:1 |      41 |       0 |   0.0 |      14 |       0 |   0.0
        D:2 |     108 |       0 |   0.0 |      22 |       0 |   0.0
        D:3 |      39 |       0 |   0.0 |      14 |       0 |   0.0
        D:4 |     280 |     105 |  27.3 |      15 |       7 |  31.8
        D:5 |     375 |     746 |  66.5 |      12 |      14 |  53.8
        D:6 |     999 |    1030 |  50.8 |      18 |       2 |  10.0
        D:7 |     568 |       0 |   0.0 |      11 |       0 |   0.0
        D:8 |    1342 |     559 |  29.4 |      33 |       6 |  15.4
        D:9 |    3083 |   12403 |  80.1 |      19 |      33 |  63.5
       D:10 |    3999 |     660 |  14.2 |      18 |       8 |  30.8
       D:11 |    3748 |       0 |   0.0 |      19 |       0 |   0.0
       D:12 |    5801 |    2471 |  29.9 |      17 |       7 |  29.2
     Lair:1 |    2748 |    2598 |  48.6 |      14 |       7 |  33.3
     Lair:2 |    5388 |    1877 |  25.8 |      23 |       2 |   8.0
     Lair:3 |    7400 |    3356 |  31.2 |      31 |      14 |  31.1
     Lair:4 |    8104 |    2186 |  21.2 |      25 |       6 |  19.4
     Lair:5 |   10018 |   12343 |  55.2 |      31 |      42 |  57.5
      Orc:1 |    1373 |       0 |   0.0 |      20 |       0 |   0.0
      Orc:2 |    1408 |    1926 |  57.8 |      13 |       3 |  18.8
      Sewer |       0 |     337 | 100.0 |       0 |      10 | 100.0
     Bailey |       0 |    2535 | 100.0 |       0 |      44 | 100.0
      IceCv |       0 |    5695 | 100.0 |       0 |      29 | 100.0
    Volcano |       0 |    3980 | 100.0 |       0 |      10 | 100.0
            +---------+---------+-------+---------+---------+-------
